cohdb
Replays
Latest Replays
All Replays
Popular Replays
Top Player Replays
Match Explorer
How It Works
Community
CoH3 Stats
Reddit
Sign in to upload your games and track your stats! →
Sign in with Steam
Match 43339390
Unlisted
Match 43339390
Overview
Messages
Build Orders
End
Construct Section Command Post
Dingo Light Scout Car
Infantry Section
Infantry Section
Infantry Section
Construct Platoon Command Post
Selects Air and Sea Battlegroup
Selects Supply Surplus
Construct Resource Cache
Grenade Package
6-pounder Anti-tank Gun Team
Infantry Training
Construct Field Infirmary
Infantry Section
Construct Resource Cache
Raiser
TidaL
Kim
丛雨丛雨丛
ElaGiwrgi
西伯利亚银狐
noooob
lplp4943718
0
0
Comments
sign in to comment!
No comments posted yet!